 Dungeon Crawl Stone Soup version 0.28.0 (webtiles) character file.

Game seed: 16103494421560541

357 zeram the Ducker (level 6, -2/32 HPs)
             Began as a Spriggan Fighter on Feb 6, 2022.
             Slain by a hobgoblin (5 damage)
             ... on level 4 of the Dungeon.
             The game lasted 00:06:00 (5484 turns).

zeram the Ducker (Spriggan Fighter)                 Turns: 5484, Time: 00:06:01

Health: -2/32      AC:  2    Str: 12    XL:     6   Next: 37%
Magic:  7/7        EV: 10    Int: 12    God:
Gold:   123        SH:  0    Dex: 14    Spells: 4/5 levels left

rFire   . . .      SeeInvis +   a - +0 rapier
rCold   . . .      Faith    .   c - +0 buckler
rNeg    . . .      Spirit   .   b - +0 robe
rPois   .          Reflect  .   (helmet restricted)
rElec   .          Harm     .   (no cloak)
rCorr   .          Rampage  .   (gloves unavailable)
Will    +....                   (boots unavailable)
Stlth   +.........              (no amulet)
HPRegen 0.10/turn               (no ring)
MPRegen 0.10/turn               (no ring)

@: mighty, held, very quick
A: very small, no large weapons, unfitting armour, see invisible, speed 3
a: no special abilities


You were on level 4 of the Dungeon.
You visited 1 branch of the dungeon, and saw 4 of its levels.

You collected 123 gold pieces.

Inventory:

Hand Weapons
 a - a +0 rapier (weapon)
Armour
 b - a +0 robe (worn)
 c - a +0 buckler (worn)
 q - a scarf of invisibility
Jewellery
 k - an amulet of guardian spirit
Wands
 g - a wand of polymorph (13)
Scrolls
 e - a scroll of identify
 f - a scroll of holy word
 h - a scroll of torment {unknown}
 j - a scroll of blinking {unknown}
 o - a scroll of enchant armour {unknown}
 p - a scroll of teleportation {unknown}
Potions
 d - 3 potions of might
 i - 2 potions of brilliance
 l - a potion of haste {unknown}
 m - a potion of mutation
 n - 2 potions of lignification {unknown}


   Skills:
 - Level 2.4 Fighting
 - Level 2.1 Short Blades
 + Level 0.2 Throwing
 + Level 7.3 Dodging
 + Level 4.1 Shields
 - Level 0.1 Evocations


You had 4 spell levels left.
You knew the following spells:

 Your Spells              Type           Power      Damage    Failure   Level
a - Magic Dart            Conj           0%         1d3       54%         1

Your spell library contained the following spells:

 Spells                   Type           Power      Damage    Failure   Level
 Shock                    Conj/Air       0%         1d3       54%         1
 Call Imp                 Summ           0%         N/A       69%         2
 Mephitic Cloud           Conj/Pois/Air  0%         N/A       89%         3
 Portal Projectile        Hex/Tloc       0%         N/A       89%         3
 Blade Hands              Tmut           0%         N/A       100%        5
 Excruciating Wounds      Necr           0%         N/A       100%        5
 Fireball                 Conj/Fire      0%         3d3       100%        5
 Borgnjor's Revivificati  Necr           0%         N/A       100%        8


Dungeon Overview and Level Annotations

Branches:
Dungeon (4/15)
 Temple: D:4-7

Altars:

Shops:
D:1 :(   D:3 (


Innate Abilities, Weirdness & Mutations

You are very small and have problems with some larger weapons.
You are too small for most types of armour.
You have supernaturally acute eyesight. (SInv)
You cover ground extremely quickly. (Speed+++)


Message History

There is a stone staircase leading down here.
You climb downwards.
There is a stone staircase leading up here.
There are monsters nearby!
There are monsters nearby!
The gnoll misses you. The gnoll closely misses you.
You closely miss the gnoll. The gnoll completely misses you.
You hit the gnoll but do no damage. The gnoll closely misses you. x2
You hit the gnoll.
The gnoll is heavily wounded.
The gnoll barely misses you. The gnoll completely misses you. x2
You block the gnoll's attack. x2
The gnoll barely misses you. You block the hobgoblin's attack.
There is a stone staircase leading up here.
You climb upwards.
There is a stone staircase leading down here.
Unknown command.
You climb downwards.
You block the hobgoblin's attack.
The gnoll throws a throwing net.
The throwing net hits you.
You become entangled in the net!
The gnoll hits you from afar with a +0 spear.
The hobgoblin hits you.
There is a stone staircase leading up here.
You see here a throwing net.
Unknown command.
You struggle against the net.
The gnoll hits you from afar with a +0 spear.
The gnoll hits you from afar with a +0 spear!
The hobgoblin barely misses you. The gnoll hits you with a +0 club.
* * * LOW HITPOINT WARNING * * *
Unknown command.
Okay, then.
You feel very mighty all of a sudden.
The gnoll hits you from afar with a +0 spear.
* * * LOW HITPOINT WARNING * * *
The gnoll completely misses you. The gnoll hits you but does no damage.
The hobgoblin hits you.
You die...

############
#........... #
#........... #######
#....>......
......#######...........
..###...................
#.# ########....g.......
..# ###.gg@.......
#.#########.....g.......
#
g..g..........g.........
. ..#
..g...##..###...........
.....
.####..##.##############
..... .#
##...........###### ...
.# #####............#
####. .#
##########.(.#######....
. ##.............


You could see 4 gnolls and a hobgoblin.

Vanquished Creatures
  A necrophage (D:4)
  A scorpion (D:2)
  2 hounds
  An orc wizard (D:4)
  3 gnolls (D:2)
  3 adders (D:2)
  An adder skeleton (D:4)
  2 dart slugs (D:4)
  4 orcs
  6 endoplasms
  3 giant cockroaches
  7 goblins
  4 hobgoblins
  3 quokkas
  4 ball pythons
  5 bats
  6 frilled lizards
  4 kobolds
  6 rats
66 creatures vanquished.

Notes
Turn   | Place    | Note
-------+----------+-------------------------------------------
     0 | D:1      | zeram the Spriggan Fighter began the quest for the Orb.
     0 | D:1      | Reached XP level 1. HP: 11/11 MP: 2/2
   463 | D:1      | Reached XP level 2. HP: 16/16 MP: 3/3
   468 | D:1      | Found Ugerutug's Book Emporium.
  1009 | D:1      | Found Risterho's Antique Weapon Shoppe.
  1500 | D:2      | Reached XP level 3. HP: 18/19 MP: 4/4
  1539 | D:2      | Reached skill level 5 in Dodging
  2962 | D:2      | Reached XP level 4. HP: 14/23 MP: 5/5
  3391 | D:3      | Noticed a scorpion
  3583 | D:2      | Killed a scorpion
  3584 | D:2      | Reached skill level 6 in Dodging
  3584 | D:2      | Reached XP level 5. HP: 9/27 MP: 6/6
  4035 | D:3      | Got the Papyrus of Destructive Evil
  4074 | D:3      | Learned a level 1 spell: Magic Dart
  4149 | D:3      | Found Inal's Weapon Emporium.
  4423 | D:4      | Noticed a necrophage
  4583 | D:4      | Killed a necrophage
  4905 | D:4      | Reached XP level 6. HP: 26/32 MP: 7/7
  5032 | D:4      | Reached skill level 7 in Dodging
  5484 | D:4      | Slain by a hobgoblin

Illustrated notes

Levels and vault maps discovered:
D:1:      amcnicky_arrival_gap_in_the_tavern_cellar, layout_basic, serial_shops,
          nicolae_lakefront_shop, nicolae_shop_competitors_out_of_business
D:2:      layout_basic, kennysheep_pointless_box
D:3:      layout_rooms, serial_shops, shop, roderic_serpentine_path
D:4:      layout_rooms, serial_glass, glass_columns_a, glass_columns_b,
          glass_columns_c, glass_columns_a, glass_columns_a, glass_columns_b,
          item_on_display_a, minmay_strange_pillars, item_on_display_a,
          minmay_strange_pillars

Skill      XL: |  1  2  3  4  5  6 |
---------------+-------------------+-----
Dodging        | 5 6 7 |  7.3
Shields        | 3 4 |  4.1
Fighting       | |  2.4
Short Blades   | |  2.1
Throwing       | |  0.2
Evocations     | |  0.1

Action                   |  1- 3 |  4- 6 || total
-------------------------+-------+-------++-------
Melee: Rapier            |   167 |   185 ||   352
Throw: Throwing net      |       |     1 ||     1
Evoke: Wand              |     5 |       ||     5
  Use: Scroll            |     3 |     3 ||     6
       Potion            |       |     3 ||     3
 Stab: Sleeping          |     2 |     2 ||     4
Armor: Robe              |     5 |    13 ||    18
Dodge: Dodged            |   120 |   168 ||   288
Block: Buckler           |    55 |    78 ||   133
